Unix NetHack Version 5.0.0-0 post-release - last build May  4 2026 22:22:43 (774f63e81ad911689b3a0859ea89b322d5daca8d,branch:main).

Game began 2026-05-07 16:03:57, ended 2026-05-07 16:27:58.

31245981910, lawful female human Samurai

                               ---------------
                               |.............|
                               |.............|
                               |.............|
                               |<............|
               '@#             -.----------.--
                 #              #####   ####
                 #                  #######
                 ###            #######  ###
                  -.----    ----.---
                  |....|    |......|
                  |.....#   |......|
                  |....|#   |......|
                  |.../|####..^....|
                  |....|    --------
                  ------

31245981910 the Ronin  St:15 Dx:18 Co:17 In:9 Wi:8 Ch:7  Lawful
Dlvl:7  $:13 HP:0(52) Pw:15(15) AC:3  Xp:5 T:2096 

Latest messages:
 q - a checkered spellbook.
 You feel more confident in your weapon skills.
 (Tip: use the #enhance command to advance them.)
 You kill the jackal!
 What do you want to read? [q or ?*] q
 You feel threatened.
 You can move again.
 You fall into a pit!
 You land on a set of sharp iron spikes!
 You are still in a pit.
 You are still in a pit.
 You are still in a pit.
 You crawl to the edge of the pit.
 You hear water falling on coins.
 You see here a steel wand.
 The door resists!
 The door opens.
 KABOOM!!  The door was booby-trapped!
 You stagger...
 You feel a bit steadier now.
 You hit the gold golem.
 The gold golem hits!
 The gold golem misses!
 You hit the gold golem!
 You hit the gold golem!
 The gold golem hits!
 The gold golem misses!
 You hit the gold golem.
 The gold golem hits!
 The gold golem hits again!
 You hit the gold golem.
 You hit the gold golem!
 The gold golem hits!
 The gold golem hits again!
 You hit the gold golem!
 You miss the gold golem.
 The gold golem hits!
 The gold golem hits again!
 You hit the gold golem!
 The gold golem hits!
 The gold golem hits again!
 You miss the gold golem.
 The gold golem hits!
 The gold golem hits again!
 You die...
 Do you want your possessions identified? [ynq] (y) y
 Do you want to see your attributes? [ynq] (y) y
 Do you want an account of creatures vanquished? [ynaq] (y) y
 Do you want to see your conduct and achievements? [ynq] (y) y
 Do you want to see the dungeon overview? [ynq] (y) y

Inventory:
 Coins    ('$')
  $ - 13 gold pieces
 Weapons  (')')
  a - a +0 katana (weapon in left hand)
  b - a +0 wakizashi (alternate weapon; not wielded)
 Armor    ('[')
  j - an uncursed +0 small shield (being worn)
  e - an uncursed rustproof +0 splint mail (being worn)
 Comestibles  ('%')
  o - an uncursed tin of boiled rock piercer meat
 Spellbooks  ('+')
  q - an uncursed spellbook of cause fear
 Potions  ('!')
  i - a blessed potion of full healing
  f - an uncursed potion of invisibility
  k - an uncursed potion of paralysis
  n - an uncursed potion of sleeping
  l - an uncursed potion of water

31245981910 the Samurai's attributes:

Background:
 You were a Ronin, a level 5 female human Samurai.
 You were lawful, nominally on a mission for Amaterasu Omikami
 who was opposed by Raijin (neutral) and Susanowo (chaotic).
 You were left-handed.
 You were in the Dungeons of Doom, on level 7.
 You entered the dungeon 2096 turns ago.
 You had 203 experience points, 117 more were needed to attain level 6.

Basics:
 You had 0 out of 52 hit points.
 You had all 15 energy points (spell power).
 Your armor class was 3.
 Your wallet contained 13 zorkmids.
 Autopickup was off.

Final Characteristics:
 Your strength was 15 (limit:18/100).
 Your dexterity was 18 (limit:18).
 Your constitution was 17 (limit:18).
 Your intelligence was 9 (limit:18).
 Your wisdom was 8 (limit:18).
 Your charisma was 7 (limit:18).

Final Status:
 You weren't hungry.
 You were unencumbered.
 You were wielding a long sword.
 You had basic skill with long sword and could have enhanced that.

Final Attributes:
 You were piously aligned.
 You were warded.
 You were fast.
 You are dead.

Miscellaneous:
 You didn't encounter any bones levels.
 Total elapsed playing time was 24 minutes.

Major events:
 Turn
    1: 31245981910 the lawful female human Samurai entered the dungeon
  617: attained the rank of Ronin (level 3)
 1079: entered the Gnomish Mines
 2096: killed by a gold golem

You didn't know any spells.

Skills:
 Fighting Skills
   martial arts      [Basic]
   two weapon combat [Unskilled]
   riding            [Unskilled]
 Weapon Skills
   dagger            [Unskilled]
   knife             [Unskilled]
   short sword       [Basic]
   broadsword        [Unskilled]
   long sword        [Basic]
   two-handed sword  [Unskilled]
   saber             [Unskilled]
   flail             [Unskilled]
   quarterstaff      [Unskilled]
   polearms          [Unskilled]
   spear             [Unskilled]
   lance             [Unskilled]
   bow               [Basic]
   shuriken          [Unskilled]
 Spellcasting Skills
   attack spells     [Unskilled]
   divination spells [Unskilled]
   clerical spells   [Unskilled]

Voluntary challenges:
 Character rerolling was not enabled.
 You were an atheist.
 You never genocided any monsters.
 You never polymorphed an object.
 You never changed form.
 You used no wishes.
Achievements:
 You attained the rank of Ronin.
 You entered a shop.
 You entered the Gnomish Mines.

 The Dungeons of Doom: levels 1 to 7
    Level 1:
       A fountain.
    Level 2:
       An armor shop.
    Level 3:
       A scroll shop, a fountain.
       Stairs down to The Gnomish Mines.
    Level 4:
    Level 5:
       Many fountains.
    Level 6:
       A fountain.
    Level 7: <- You were here.
       Final resting place for
          you, killed by a gold golem.
 The Gnomish Mines:
    Level 4:


Vanquished creatures:
  a bugbear
  a rock mole
  a yellow light
  2 little dogs
  a floating eye
  a kitten
  a kobold leader
  a rabid rat
  2 centipedes
  a dwarf zombie
 an acid blob
  3 gas spores
  a hobbit
  a hobgoblin
  a giant rat
  2 cave spiders
  2 brown molds
  a red mold
  a gnome zombie
  2 geckos
  5 jackals
  a fox
  3 kobolds
  a goblin
  a grid bug
  a bat
  3 newts
42 creatures vanquished.

No species were genocided or became extinct.

Game over:
                       ----------
                      /          \
                     /    REST    \
                    /      IN      \
                   /     PEACE      \
                  /                  \
                  |   31245981910    |
                  |      13 Au       |
                  | killed by a gold |
                  |      golem       |
                  |                  |
                  |                  |
                  |       2026       |
                 *|     *  *  *      | *
        _________)/\\_//(\/(/\)/\//\/|_)_______

Sayonara 31245981910 the Samurai...

You died in The Dungeons of Doom on dungeon level 7 with 1124 points,
and 13 pieces of gold, after 2096 moves.
You were level 5 with a maximum of 52 hit points when you died.

